 Dungeon Crawl Stone Soup version 0.28.0 (webtiles) character file.

Game seed: 2474287445746238329

36 mopl the Sneak (level 3, -1/25 (29) HPs)
             Began as a Demonspawn Delver on Feb 12, 2022.
             Slain by a necrophage (4 damage)
             ... on level 6 of the Dungeon.
             The game lasted 00:01:43 (374 turns).

mopl the Sneak (Demonspawn Delver)                   Turns: 374, Time: 00:01:43

HP:   -1/25 (29)    AC:  3    Str: 12    XL:     3   Next: 19%
MP:   3/3           EV: 11    Int: 11    God:
Gold: 27            SH:  0    Dex: 16    Spells: 2/2 levels left

rFire   . . .      SeeInvis .   a - +0 hand axe
rCold   . . .      Faith    .   (no shield)
rNeg    . . .      Spirit   .   b - +0 leather armour
rPois   .          Reflect  .   (no helmet)
rElec   .          Harm     .   (no cloak)
rCorr   .          Rampage  .   (no gloves)
Will    .....                   (no boots)
Stlth   +++.......              (no amulet)
HPRegen 0.08/turn               (no ring)
MPRegen 0.08/turn               (no ring)

@: heavily drained
A: weakness stinger 2
a: no special abilities


You were on level 6 of the Dungeon.
You visited 1 branch of the dungeon, and saw 2 of its levels.

You collected 27 gold pieces.

Inventory:

Hand Weapons
 a - a +0 hand axe (weapon)
 h - a +0 short sword
Armour
 b - a +0 leather armour (worn)
Wands
 g - a wand of digging (3)
Scrolls
 c - a scroll of fog
 d - a scroll of magic mapping
 e - a scroll of fear
Potions
 f - a potion of haste


   Skills:
 - Level 3.0 Fighting
 * Level 1.4 Short Blades
 - Level 2.5 Axes
 - Level 1.7 Dodging
 + Level 4.7 Stealth


You had 2 spell levels left.
You didn't know any spells.
Your spell library was empty.

Dungeon Overview and Level Annotations

Branches:
Dungeon (6/15)
 Temple: D:4-7

Altars:


Innate Abilities, Weirdness & Mutations

You have a tail ending in a sharp stinger.


Message History

You hit the hound.
Your tail-slap misses the hound.
The hound is severely wounded.
The hound bites you.
* * * LOW HITPOINT WARNING * * *
The hound bites you.
* * * LOW HITPOINT WARNING * * *
You closely miss the hound.
The hound is severely wounded.
The hound barely misses you. The hound bites you but does no damage.
You closely miss the hound.
Your tail-slap misses the hound.
The hound is severely wounded.
The hound closely misses you. x2
You hit the hound.
You kill the hound!
Your Short Blades skill increases to level 1!
You have reached level 3!
Your experience leads to an increase in your attributes!
Increase (S)trength, (I)ntelligence, or (D)exterity?
You feel agile. x2; Your demonic ancestry asserts itself...
Your tail grows a sharp stinger.
You start resting.
A necrophage comes into view.
There is an escape hatch in the floor here.
You start resting.
A necrophage is nearby!
There is a stone staircase leading up here.
You closely miss the necrophage.
Your tail-slap misses the necrophage.
The necrophage hits you!
You feel drained.
You slash the necrophage!
The necrophage is moderately damaged.
The necrophage hits you.
You feel drained. The necrophage hits you!
* * * LOW HITPOINT WARNING * * *
You feel drained.
* * * LOW HITPOINT WARNING * * *
You are too injured to fight recklessly!
You hit the necrophage but do no damage.
You tail-slap the necrophage.
The necrophage is heavily damaged.
The necrophage hits you.
You die...

## ... .. ... ..# .#
#...# #..#.. .#
#...# #..#.. .#
#...# ..... .#
#...### ...#.#
#####...##.
#รท..####..........#
#@..............##
#n#####..........#
#.# #####...##. #.#
#...### ##.### #...#
#.#..# #...###
##.#.# #.n.... ###.#
##..##. ######.#
#...##.


You could see a necrophage.

Vanquished Creatures
  A hound (D:6)
  A white imp (D:6)
  A quokka (D:6)
3 creatures vanquished.

Notes
Turn   | Place    | Note
-------+----------+-------------------------------------------
     0 | D:5      | mopl the Demonspawn Delver began the quest for the Orb.
     0 | D:5      | Reached XP level 1. HP: 18/18 MP: 1/1
    12 | D:5      | Noticed an ogre
    46 | D:6      | Reached skill level 2 in Axes
    46 | D:6      | Discovered your monstrous ancestry.
    46 | D:6      | Gained mutation: You have a small tail. [demonic ancestry]
    46 | D:6      | Reached XP level 2. HP: 24/24 MP: 2/2
    94 | D:6      | Noticed a centaur
   120 | D:6      | Reached skill level 1 in Short Blades
   120 | D:6      | Gained mutation: You have a tail ending in a sharp stinger.
                  | [demonic ancestry]
   120 | D:6      | Reached XP level 3. HP: 5/29 MP: 3/3
   225 | D:6      | Noticed a necrophage
   374 | D:6      | Slain by a necrophage

Illustrated notes

Levels and vault maps discovered:
D:5:      layout_basic, nicolae_shop_gadgets, uniq_blork_the_orc
D:6:      layout_loops_cross, minmay_temple_entry_junction, serial_shops,
          nicolae_shop_statue_plus

Skill      XL: |  1  2 |
---------------+-------+-----
Axes           | 2 |  2.5
Short Blades   | 1 |  1.4
Fighting       | |  3.0
Dodging        | |  1.7
Stealth        | |  4.7

Action                   || total
-------------------------++-------
Melee: Hand axe          ||    20
       Tailslap          ||     2
 Stab: Sleeping          ||     1
Armor: Leather armour    ||     6
Dodge: Dodged            ||    15
